 Seeded DCSS version 0.31-a0-1570-g93c622d222 (webtiles) character file.

Game seed: 16547467254253927973 (custom seed)

88 innerfire43 the Trooper (level 4, 0/35 HPs)
             Began as a Demonspawn Monk on Jan 3, 2024.
             Succumbed to Crazy Yiuf's poison
             ... on level 3 of the Dungeon.
             The game lasted 00:01:59 (1336 turns).

innerfire43 the Trooper (Demonspawn Monk)           Turns: 1336, Time: 00:02:00

Health: 0/35       AC:  2    Str: 13    XL:     4   Next: 29%
Magic:  6/6        EV: 18    Int: 11    God:
Gold:   86         SH:  0    Dex: 15    Spells: 3/3 levels left

rFire   . . .        a - +0 hand axe
rCold   . . .        d - orb {light}
rNeg    . . .        b - +0 robe
rPois   .            (no helmet)
rElec   .            (no cloak)
rCorr   .            (no gloves)
SInv    .            (no boots)
Will    .....        (no amulet)
Stlth   +            j - +5 ring of evasion
HPRegen 0.25/turn    (no ring)
MPRegen 0.20/turn

%: no passive effects
@: confused, lethally poisoned (0 -> -18), ambrosia-drunk, attractive, glowing
A: demonic guardian 2, magic regeneration
a: no special abilities


You were on level 3 of the Dungeon.
You visited 1 branch of the dungeon, and saw 3 of its levels.

You collected 86 gold pieces.

Inventory:

Hand Weapons
 a - a +0 hand axe (weapon)
Armour
 b - a +0 robe (worn)
 d - an orb of light (worn)
 k - a +2 robe
Jewellery
 j - a +5 ring of evasion (left hand)
Scrolls
 g - a scroll of teleportation
Potions
 c - a potion of ambrosia
 f - a potion of curing {unknown}
 h - a potion of haste {unknown}
 i - a potion of heal wounds {unknown}


   Skills:
 + Level 3.5 Fighting
 + Level 3.1 Axes
 + Level 3.2 Dodging
 * Level 3.1 Invocations


You had 3 spell levels left.
You didn't know any spells.
Your spell library contained the following spells:

 Spells                   Type           Power      Damage    Failure   Level
 Call Imp                 Summ           0%         N/A       47%         2
 Sublimation of Blood     Necr           0%         N/A       47%         2
 Gell's Gravitas          Tloc           0%         N/A       71%         3
 Teleport Other           Tloc           0%         N/A       71%         3
 Dispersal                Tloc           0%         N/A       100%        6
 Summon Hydra             Summ           0%         N/A       100%        7


Dungeon Overview and Level Annotations

Branches:
Dungeon (3/15)

Altars:

Annotations:
D:3 Crazy Yiuf


Innate Abilities, Weirdness & Mutations

A demonic guardian rushes to your aid.
You regenerate magic rapidly.


Message History

Crazy Yiuf screams, "Goldfish!
Cholesterol down sow."
Crazy Yiuf cries, "Liver green hand!"
Crazy Yiuf laughs, "Pitchfork!"
Crazy Yiuf laughs, "Scoff!
Powder noodlescoop testudinal."
Crazy Yiuf laughs, "Line!"
Crazy Yiuf whimpers, "Shadow koolooloo sallow!"
Crazy Yiuf whimpers, "Dawk!
Fire childish senile."
Done waiting.
Unknown command.
You open the door.
Crazy Yiuf flaps his cloak.
You hit Crazy Yiuf but do no damage. Crazy Yiuf barely misses you.
You hit Crazy Yiuf.
Crazy Yiuf is lightly wounded.
Crazy Yiuf hits you with a +3 quarterstaff of chaos!
You hit Crazy Yiuf.
Crazy Yiuf is lightly wounded.
Crazy Yiuf closely misses you.
You hit Crazy Yiuf.
Crazy Yiuf is moderately wounded.
Crazy Yiuf hits you with a +3 quarterstaff of chaos.
Crazy Yiuf burns you. Crazy Yiuf barely misses you.
You barely miss Crazy Yiuf.
Crazy Yiuf is moderately wounded.
Crazy Yiuf hits you with a +3 quarterstaff of chaos!
You hit Crazy Yiuf but do no damage.
Crazy Yiuf is moderately wounded.
Crazy Yiuf completely misses you.
You hit Crazy Yiuf but do no damage.
Crazy Yiuf is lightly wounded.
Crazy Yiuf misses you.
It was a potion of attraction.
You feel attractive to monsters.
Crazy Yiuf hits you with a +3 quarterstaff of chaos!
* * * LOW HITPOINT WARNING * * *
A demonic guardian appears!
You are lethally poisoned!
You are confused.
You feel invigorated.
You die...

.##### #.........)<#
..[........###########
##.....###.# # #
#..##.# ##### #....#
#)..# #..# #...# #.##
.4. #.# #g# #.# #@##
#.# ##.# #.# #.## #.#
##.# #.# ##.## #.#
##...# #.# #...P# #.##
#....# #..# #....#


You could see Crazy Yiuf (ally target) and a friendly ice devil (summoned).

Vanquished Creatures
  Jessica (D:3)
  4 adders
  An orc (D:3)
  2 ball pythons
  An endoplasm (D:2)
  A giant cockroach (D:2)
  5 goblins
  2 hobgoblins (D:2)
  2 quokkas (D:2)
  A frilled lizard (D:2)
  3 kobolds (D:2)
  5 rats
28 creatures vanquished.

Notes
Turn   | Place    | Note
-------+----------+-------------------------------------------
     0 | D:1      | innerfire43 the Demonspawn Monk began the quest for the
                  | Orb.
     0 | D:1      | Reached XP level 1. HP: 18/18 MP: 1/1
    72 | D:1      | You fall into a shaft and drop 1 floor!
    82 | D:2      | Reached skill level 1 in Invocations
    99 | D:2      | Gained mutation: You regenerate magic rapidly. [demonic
                  | ancestry]
    99 | D:2      | Reached XP level 2. HP: 16/24 MP: 2/2
   656 | D:2      | Found a faded altar of an unknown god.
   794 | D:2      | Gained mutation: A weak demonic guardian rushes to your
                  | aid. [demonic ancestry]
   794 | D:2      | Reached XP level 3. HP: 25/29 MP: 4/4
  1107 | D:3      | Noticed Jessica
  1122 | D:3      | Killed Jessica
  1123 | D:3      | Gained mutation: A demonic guardian rushes to your aid.
                  | [demonic ancestry]
  1123 | D:3      | Reached XP level 4. HP: 28/35 MP: 4/6
  1202 | D:3      | Found a runed translucent door.
  1203 | D:3      | Noticed Crazy Yiuf
  1336 | D:3      | Succumbed to Crazy Yiuf's poison

Illustrated notes

Levels and vault maps discovered:
D:1:      scummos_arrival_star, layout_basic
D:2:      layout_loops_ring, hellmonk_ecumenical_altar_run_dry
D:3:      layout_rooms, nicolae_gozag_cash_rules_everything_around_me,
          mainiacjoe_overflow_cross_hatched, uniq_jessica,
          uniq_crazy_yiuf_cottage

Skill      XL: |  1  2  3 |
---------------+----------+-----
Invocations    | 1 2 3 |  3.1
Dodging        | 3 |  3.2
Axes           | 3 |  3.1
Fighting       | |  3.5

Action                     |  1- 3 |  4- 6 || total
---------------------------+-------+-------++-------
  Melee: Hand axe          |    71 |    16 ||    87
    Use: Potion            |       |     2 ||     2
         Scroll            |       |     1 ||     1
 Armour: Robe              |    36 |     6 ||    42
  Dodge: Dodged            |    53 |    15 ||    68

Table legend: (Time is in decaauts)
 A = Elapsed time spent in this place.
 B = Non-inter-level travel time spent in this place.
 C = Inter-level travel time spent in this place.
 D = Time resting spent in this place.
 E = Time spent auto-exploring this place.
 F = Levels seen in this place.
 G = Mean time per level.
                   A        B        C        D        E       F      G
               +--------+--------+--------+--------+--------+-----+--------+
         Total |   1346 |   1324 |     22 |    121 |    931 |   3 |  448.7 |
       Dungeon |   1346 |   1324 |     22 |    121 |    931 |   3 |  448.7 |
               +--------+--------+--------+--------+--------+-----+--------+

Top non-repeatable levels by time:
     D:2: 846 daAuts
     D:3: 427 daAuts
     D:1: 72 daAuts
